[Event "Late-Titled-Tuesday-Blitz-April-16-2024"]
[Site "Chess.com"]
[Date "2024.04.16"]
[Round "1"]
[White "NovakCabarkapa"]
[Black "MeisterJabo"]
[Result "0-1"]
[WhiteElo "2796"]
[BlackElo "2470"]
[TimeControl "180+1"]
[EndTime "14:07:22 PDT"]
[Termination "MeisterJabo won by resignation"]

1. e4 e5 2. Nf3 Nf6 3. Nxe5 d6 4. Nf3 Nxe4 5. Nc3 Nxc3 6. dxc3 Be7 7. Qd4 O-O 8. Be3 Nd7 9. O-O-O Nf6 10. Bd3 c5 11. Qf4 Qa5 12. Kb1 Be6 13. c4 b5 14. Bd2 Qa6 15. Bc3 bxc4 16. Bf5 d5 17. Be5 d4 18. Bxe6 Qxe6 19. Rhe1 Nd5 20. Qg3 Qg6 21.
Qxg6 hxg6 22. c3 d3 23. Nd2 Nb6 24. Bc7 Bg5 25. Bxb6 Bxd2 26. Bxc5 Bxe1 27. Bxf8 Bxf2 28.
Bd6 Re8 29. b3 Re1 30. Rxe1 Bxe1 31. bxc4 f5 32. Kb2 Kf7 33. Bc5 a6 34. Bd4 g5 35. c5 g6 36. c4 Ke6 37. a4 Kd7 38. Kc1 Kc6 39. Kd1 Bb4 40. Bf6 g4 41. h3 gxh3 42. gxh3 Kxc5 0-1

[Event "Late-Titled-Tuesday-Blitz-April-16-2024"]
[Site "Chess.com"]
[Date "2024.04.16"]
[Round "1"]
[White "Leebit02"]
[Black "DonJuanEGenaro"]
[Result "1-0"]
[WhiteElo "2543"]
[BlackElo "1983"]
[TimeControl "180+1"]
[EndTime "14:07:22 PDT"]
[Termination "Leebit02 won on time"]

1. d4 e5 2. dxe5 d6 3. exd6 Bxd6 4. Nf3 c6 5. e3 Nf6 6. Be2 Nbd7 7. O-O Qc7 8. h3 O-O 9. b3 Ne5 10. Bb2 Nxf3+ 11. Bxf3 Nd7 12. Nd2 Ne5 13. Be2 Bf5 14. e4 Bd7 15. c4 Rad8 16. Qc2 f5 17. c5 Be7 18. f4 Ng6 19. e5 Kh8 20. b4 a5 21. a3 axb4 22. axb4 b6 23. Bd4 b5 24.
Be3 Be6 25. Nf3 Ra8 26. Nd4 Bd7 27. e6 Rxa1 28. Rxa1 Bc8 29. Nxf5 Nxf4 30. Bxf4 Qxf4 31. Rf1 Qc7 32. Qe4 Rf6 33. Nd4 Rxf1+ 34. Bxf1 Qd8 35. Nxc6 Qe8 36. Nxe7 Qxe7 37. Bxb5 Qxe6 38. Qxe6 Bxe6 39. c6 Kg8 40. Ba6 1-0

[Event "Late-Titled-Tuesday-Blitz-April-16-2024"]
[Site "Chess.com"]
[Date "2024.04.16"]
[Round "1"]
[White "kleber2007"]
[Black "Rud_Makarian"]
[Result "0-1"]
[WhiteElo "2519"]
[BlackElo "3023"]
[TimeControl "180+1"]
[EndTime "14:07:23 PDT"]
[Termination "Rud_Makarian won by resignation"]

1. Nf3 Nf6 2. g3 d5 3. Bg2 e6 4. O-O Be7 5. c4 O-O 6. d4 c6 7. Qc2 Nbd7 8. Nbd2 a5 9. e4 b6 10. e5 Ne8 11. cxd5 cxd5 12. Re1 Ba6 13. Bf1 Rc8 14. Qa4 Nc7 15. h4 Nb8 16. a3 Qd7 17. Qd1 a4 18.
Bxa6 Ncxa6 19. Nf1 b5 20. Bg5 Nc6 21. Qd3 h6 22.
Bxe7 Nxe7 23. Ne3 Nc7 24. Rac1 Na8 25. g4 Nb6 26. g5 h5 27. Ng2 Ng6 28. Rc3 Nc4 29.
Rb1 Rc6 30. Nd2 Rfc8 31. Nxc4 Rxc4 32. Rbc1 Qc6 33. Rxc4 bxc4 34. Qd1 Rb8 35. Rc2 Rb3 36. Qxh5 Qb6 37. Qg4 Rxb2 38. Rxb2 Qxb2 39. h5 Ne7 40. g6 c3 41. gxf7+ Kxf7 42. Ne3 c2 43. Qf4+ Ke8 44.
Nxc2 Qxc2 45. Qg5 Qd1+ 46. Kg2 Qxd4 47. Qxg7 Qe4+ 48. Kg1 d4 49. h6 d3 50. h7 d2 51.
h8=Q+ Kd7 52. Qh5 Qb1+ 53. Kg2 d1=Q 54. Qxe7+ Kxe7 55. Qg5+ Kd7 56. Qg7+ Kc6 0-1

[Event "Late-Titled-Tuesday-Blitz-April-16-2024"]
[Site "Chess.com"]
[Date "2024.04.16"]
[Round "1"]
[White "joksijoksi"]
[Black "stollenmonster"]
[Result "1-0"]
[WhiteElo "2501"]
[BlackElo "2888"]
[TimeControl "180+1"]
[EndTime "14:07:23 PDT"]
[Termination "joksijoksi won by resignation"]

1. e4 c5 2. d4 cxd4 3. Qxd4 Nc6 4. Qd3 g6 5. Nf3 Bg7 6. Nc3 Nf6 7. Be2 d6 8. O-O O-O 9. Bf4 b6 10. Nd5 Bb7 11. c3 Nd7 12. Rad1 Nde5 13. Qb1 Nxf3+ 14. Bxf3 Ne5 15. Be2 Rc8 16. Bxe5 Bxe5 17. f4 Bg7 18. Bf3 e6 19. Ne3 Qc7 20. Kh1 Qc5 21. Nc2 Rfd8 22.
Nd4 e5 23. Nb3 Qe3 24. f5 gxf5 25. exf5 e4 26. Rde1 Qxe1 27. Qxe1 exf3 28. gxf3 Re8 29. Qg3 Kh8 30. Nd4 Be5 31. Qh3 Rg8 32. f6 Bxf6 33.
Nf5 Be5 34. Ne7 Rce8 35. Nxg8 Rxg8 36. Rg1 Re8 37. Qf5 Bd5 38. Rg4 Bg7 39. Qxd5 1-0

[Event "Late-Titled-Tuesday-Blitz-April-16-2024"]
[Site "Chess.com"]
[Date "2024.04.16"]
[Round "1"]
[White "SchmakAttack"]
[Black "DucksParadise"]
[Result "1-0"]
[WhiteElo "2828"]
[BlackElo "2456"]
[TimeControl "180+1"]
[EndTime "14:07:24 PDT"]
[Termination "SchmakAttack won by resignation"]

1. e4 e5 2. Nf3 Nc6 3. Bb5 a6 4.
Ba4 Nf6 5. d3 b5 6. Bb3 Bc5 7.
O-O h6 8. c3 d6 9. Re1 O-O 10. h3 Bb6 11. Nbd2 Re8 12. a4 Rb8 13. axb5 axb5 14. Nf1 Be6 15. Bxe6 Rxe6 16. Ng3 d5 17. Be3 Bxe3 18. Rxe3 dxe4 19. dxe4 Qxd1+ 20. Rxd1 Ne7 21. Red3 Ng6 22. Rd8+ Re8 23. Rxb8 Rxb8 24. Ra1 b4 25. Ra7 bxc3 26. bxc3 Rb1+ 27. Kh2 Rb2 28. Rxc7 Rxf2 29.
Kg1 Rc2 30. c4 Nf4 31. Ne1 Rc1 32. Kf2 g6 33. c5 h5 34. Ne2 Nxe4+ 35. Kf1 Nxe2 36.
Kxe2 Rxc5 37. Ra7 f6 38. Ke3 Nd6 39. Nf3 Nf5+ 40. Kd2 e4 41. Ne1 Rb5 42. g4 hxg4 43.
hxg4 Nd6 44. Nc2 f5 45. gxf5 gxf5 46. Ne3 f4 47. Ng4 Rg5 48. Nf6+ 1-0

[Event "Late-Titled-Tuesday-Blitz-April-16-2024"]
[Site "Chess.com"]
[Date "2024.04.16"]
[Round "1"]
[White "SaqoChess_Twitch"]
[Black "Abhishek2"]
[Result "1-0"]
[WhiteElo "2673"]
[BlackElo "2357"]
[TimeControl "180+1"]
[EndTime "14:07:24 PDT"]
[Termination "SaqoChess_Twitch won by checkmate"]

1. d4 Nf6 2. c4 e6 3. Nc3 Bb4 4. e3 O-O 5. a3 Bxc3+ 6. bxc3 d5 7. cxd5 Nxd5 8. Bd2 c5 9. Bd3 Nc6 10. Ne2 b6 11.
O-O Bb7 12. e4 Nf6 13. e5 Nd5 14. Rc1 Qe7 15. Qc2 h6 16. c4 Nc7 17. dxc5 Qxc5 18.
Be4 Rab8 19. Bxc6 Qxc6 20. f3 Qc5+ 21. Kh1 Qxe5 22. Bf4 Qc5 23. Qc3 Rbc8 24. Rfd1 Qf2 25. Qe3 Qxe3 26. Bxe3 Rfd8 27. Nd4 Na6 28. Nb5 Rxd1+ 29.
Rxd1 Rxc4 30. Nxa7 Nc5 31. Nb5 Bc6 32. Nd4 Bd5 33. Nb5 Rc2 34. h3 Ra2 35. Rc1 Na4 36. Bd4 Rd2 37. Bg1 g5 38. Rc8+ Kh7 39. Bd4 Kg6 40.
Rg8+ Kh5 41. Kg1 Bc4 42. Bf2 Rd1+ 43. Kh2 g4 44. hxg4# 1-0

[Event "Late-Titled-Tuesday-Blitz-April-16-2024"]
[Site "Chess.com"]
[Date "2024.04.16"]
[Round "1"]
[White "RianKapriaga"]
[Black "Glidzhian_Gor"]
[Result "1-0"]
[WhiteElo "2298"]
[BlackElo "2585"]
[TimeControl "180+1"]
[EndTime "14:07:24 PDT"]
[Termination "RianKapriaga won by resignation"]

1. d4 c5 2. d5 Nf6 3. Nc3 d6 4. e4 g6 5. Nf3 Bg7 6. Be2 O-O 7. O-O e6 8. Nd2 exd5 9. exd5 Re8 10. Nc4 Ne4 11. Nxe4 Rxe4 12. c3 b5 13. Nd2 Re8 14. Bxb5 Bd7 15. Bxd7 Nxd7 16. Nc4 Ne5 17. Nxe5 Rxe5 18.
Bf4 Rf5 19. Qd2 Rb8 20. Rfe1 Qb6 21. Re2 c4 22. h3 Qc5 23. Rd1 h5 24. g4 Rf6 25.
Kg2 hxg4 26. hxg4 g5 27. Bxg5 Rg6 28. f3 a5 29. Be3 Qc8 30. Bd4 Bh6 31. Be3 Rxg4+ 32.
fxg4 Qxg4+ 33. Kf1 Qh3+ 34. Rg2+ Kh7 35. Bxh6 Qh1+ 36.
Kf2 Qh4+ 37. Kg1 Qxh6 38. Rh2 Rg8+ 39. Kh1 Rg6 40. Rxh6+ Rxh6+ 41. Qxh6+ Kxh6 42. Kg2 1-0

[Event "Late-Titled-Tuesday-Blitz-April-16-2024"]
[Site "Chess.com"]
[Date "2024.04.16"]
[Round "1"]
[White "PapaieDudu"]
[Black "arenal72"]
[Result "1-0"]
[WhiteElo "2342"]
[BlackElo "2614"]
[TimeControl "180+1"]
[EndTime "14:07:26 PDT"]
[Termination "PapaieDudu won by checkmate"]

1. Nf3 d6 2. e4 Nf6 3. Nc3 e5 4. Bc4 Be7 5. d4 exd4 6. Nxd4 O-O 7. O-O c6 8. Be3 Re8 9. h3 Bf8 10. Qf3 Nbd7 11. Nf5 Ne5 12. Qe2 Bxf5 13. exf5 Nxc4 14. Qxc4 d5 15. Qd3 Ne4 16. Nxe4 Rxe4 17. c3 Qd7 18. g4 b6 19. Rad1 Rae8 20. Bg5 h5 21. f3 Bc5+ 22. Kh1 Re2 23. Rd2 Rxd2 24. Qxd2 Qd6 25.
b4 Qg3 26. bxc5 Qxh3+ 27. Kg1 hxg4 28. fxg4 Qxg4+ 29. Qg2 Qc4 30. Bf6 Qxc5+ 31. Bd4 Qf8 32. Rf3 f6 33. Rg3 Qf7 34. Rg6 Kf8 35. Qh2 c5 36.
Bxf6 gxf6 37. Qh6+ Ke7 38. Kf2 Rg8 39. Qe3+ Kd8 40.
Qg3 Re8 41. Rg7 Qh5 42. Qc7# 1-0

[Event "Late-Titled-Tuesday-Blitz-April-16-2024"]
[Site "Chess.com"]
[Date "2024.04.16"]
[Round "1"]
[White "MarceloPlaya"]
[Black "Stanbad1"]
[Result "1/2-1/2"]
[WhiteElo "2327"]
[BlackElo "2614"]
[TimeControl "180+1"]
[EndTime "14:07:26 PDT"]
[Termination "Game drawn by repetition"]

1. e4 e6 2. d4 d5 3. Nc3 Nf6 4. Bd3 c5 5. Nf3 Nc6 6. exd5 exd5 7. O-O c4 8. Re1+ Be7 9. Bf1 O-O 10. b3 Bb4 11. Bb2 Qa5 12. a3 Bxc3 13. b4 Bxb2 14. bxa5 Bxa1 15. Qxa1 Bf5 16. a6 bxa6 17. Ne5 Rac8 18.
Qc3 Ne4 19. Qf3 Nxd4 20. Qf4 Be6 21. f3 g5 22. Qc1 Nd6 23. Qxg5+ Kh8 24. Qf6+ Kg8 25.
Ng4 Bxg4 26. fxg4 Ne6 27. Re3 Ne8 28. Qh6 N8g7 29. Rh3 f6 30. Qxh7+ Kf7 31. Rh6 Ke7 32.
Qg6 Rf7 33. g3 Ng5 34. Bg2 Rd8 35. h4 N5e6 36. g5 fxg5 37. hxg5 d4 38. Bh3 Rd6 39. Qe4 d3 40. cxd3 cxd3 41. Bxe6 Nxe6 42. Rxe6+ Rxe6 43. Qxd3 Kf8 44. g6 Rfe7 45. Qd4 Rxg6 46. Kg2 Reg7 47. Qd8+ Kf7 48. Qd7+ Kg8 49. Qd5+ Kh7 50. Qh5+ Rh6 51. Qf5+ Kh8 52. Qf8+ Kh7 53. Qf5+ Rgg6 54. Qf7+ Kh8 55. Qf8+ Kh7 56. Qf7+ Rg7 57. Qf5+ 1/2-1/2

[Event "Late-Titled-Tuesday-Blitz-April-16-2024"]
[Site "Chess.com"]
[Date "2024.04.16"]
[Round "1"]
[White "DrVelja"]
[Black "ozates"]
[Result "1-0"]
[WhiteElo "3023"]
[BlackElo "2520"]
[TimeControl "180+1"]
[EndTime "14:07:27 PDT"]
[Termination "DrVelja won by resignation"]

1. e4 c5 2. Nf3 Nc6 3. Bb5 g6 4. O-O Bg7 5. Re1 e5 6. Bxc6 dxc6 7. a3 c4 8. Qe2 Be6 9. a4 b5 10. d3 h6 11. axb5 cxb5 12. Na3 cxd3 13. cxd3 a6 14.
Nc2 Ne7 15. d4 exd4 16. Rd1 Nc6 17. Be3 Bg4 18. e5 Bxf3 19. gxf3 O-O 20. f4 Qh4 21. Nxd4 Ne7 22. Qf3 Rfd8 23. Nxb5 axb5 24. Rxa8 Rxa8 25. Qxa8+ Kh7 26. Qf3 Nf5 27. Rd7 Kg8 28. Bc5 g5 29. h3 gxf4 30. Qg4 Qxg4+ 31. hxg4 Nh4 32. Rb7 Bxe5 33. Rxb5 Ng6 34. b4 Bc3 35. Rb8+ Kg7 36. b5 Ne5 37. b6 Nxg4 38. b7 Be5 39.
Re8 Bc7 40. Bb6 Bxb6 41. b8=Q 1-0

[Event "Late-Titled-Tuesday-Blitz-April-16-2024"]
[Site "Chess.com"]
[Date "2024.04.16"]
[Round "1"]
[White "Zhigalko_Sergei"]
[Black "ACollins05"]
[Result "0-1"]
[WhiteElo "2921"]
[BlackElo "2514"]
[TimeControl "180+1"]
[EndTime "14:07:27 PDT"]
[Termination "ACollins05 won by checkmate"]

1. e4 a6 2. d4 b5 3. Nf3 Bb7 4. Bd3 e6 5. O-O c5 6. c3 d6 7.
a4 c4 8. Bc2 Nd7 9. axb5 axb5 10.
Rxa8 Qxa8 11. Na3 Qa6 12. b3 d5 13. b4 dxe4 14. Ne5 Ngf6 15. Nxd7 Nxd7 16. Qh5 Bc6 17. Qg5 h6 18. Qg3 Qb7 19. Re1 Nf6 20. h3 g6 21. Bf4 Bg7 22. Bd6 Kd7 23. Be5 Nh5 24. Qe3 f5 25. Ra1 Ra8 26. Bxg7 Nxg7 27. Qxh6 Ne8 28.
Qxg6 Nc7 29. Qg7+ Kd6 30. Qe5+ Kd7 31. Qg7+ Kd6 32. Qe5+ Kd7 33. h4 Nd5 34. h5 Qc7 35. Qg7+ Kc8 36. Qg6 Kd7 37. h6 Kd6 38. Qg3+ Kd7 39.
Qg7+ Kd6 40. Qg3+ Kd7 41. Qh3 Nf4 42. Qh4 Rg8 43. h7 Rh8 44. Qh6 Kc8 45. Kf1 Rxh7 46.
Qf8+ Kb7 47. Kg1 Ne2+ 48. Kf1 Nxc3 49. Kg1 Qh2+ 50. Kf1 Qh1# 0-1

[Event "Late-Titled-Tuesday-Blitz-April-16-2024"]
[Site "Chess.com"]
[Date "2024.04.16"]
[Round "1"]
[White "ChessBrainiacOnTwitch"]
[Black "szachmistrz2500"]
[Result "1-0"]
[WhiteElo "2840"]
[BlackElo "2465"]
[TimeControl "180+1"]
[EndTime "14:07:27 PDT"]
[Termination "ChessBrainiacOnTwitch won on time"]

1. Nf3 c5 2. b3 Nf6 3. Bb2 e6 4.
e3 b6 5. c4 Bb7 6. Nc3 Be7 7. Be2 O-O 8. O-O d5 9. cxd5 Nxd5 10. a3 Nc6 11. Qc2 Rc8 12. Rac1 Nd4 13. exd4 Nf4 14. dxc5 Rxc5 15. d4 Rh5 16. Qd2 Bd6 17.
Qe3 Nxe2+ 18. Nxe2 Bxf3 19. gxf3 Bxh2+ 20. Kg2 f5 21. f4 Rf6 22. Rh1 Rg6+ 23. Ng3 Bxg3 24. fxg3 Rxh1 25.
Rxh1 Qd5+ 26. Qf3 Qb5 27. Rc1 h6 28. Re1 a5 29. a4 Qb4 30. Re2 Kh7 31. Bc1 Qd6 32.
Be3 Qa3 33. Bf2 Qa1 34. d5 exd5 35. Qxd5 Qb1 36. Re5 Rf6 37. Re6 Rf7 38. Rxb6 Rf8 39. Rb7 Rc8 40. Qe5 1-0

[Event "Late-Titled-Tuesday-Blitz-April-16-2024"]
[Site "Chess.com"]
[Date "2024.04.16"]
[Round "1"]
[White "Hirna2005"]
[Black "reevecanada"]
[Result "1-0"]
[WhiteElo "2340"]
[BlackElo "2611"]
[TimeControl "180+1"]
[EndTime "14:07:30 PDT"]
[Termination "Hirna2005 won by checkmate"]

1. e4 c5 2. c3 d6 3. d4 Nd7 4.
Nf3 Ngf6 5. Bd3 c4 6. Bc2 b5 7. O-O Bb7 8. e5 Nd5 9. e6 fxe6 10. Ng5 N7f6 11. Nxe6 Qd7 12. Qe2 Bc8 13. Nxf8 Rxf8 14. a4 Nb6 15. axb5 Qxb5 16. Na3 Qc6 17. Bf4 Bb7 18.
f3 Rf7 19. Qe6 Nfd5 20. Bd2 g6 21. Be4 Bc8 22. Bxd5 Nxd5 23. Qe2 Nb6 24. Rfe1 Bf5 25. Bg5 Kd7 26. Qe3 Nd5 27. Qe2 Rc8 28. Nxc4 Qxc4 29.
Rxa7+ Kd8 30. Qd1 Rc7 31. Ra8+ Kd7 32. Qa1 h6 33. Bd2 g5 34. Rh8 Nb6 35. Rxh6 Qd3 36. Bxg5 Rg7 37. Bh4 Qxf3 38. Bg3 Kc6 39. gxf3 Ra7 40.
Qc1 Nd5 41. c4 Nb4 42. d5+ Kd7 43. Qe3 Ra2 44. Qb6 Rxb2 45. Qb7+ Ke8 46. Rh8+ Kf7 47. Qxe7+ Kg6 48. Qh4 Nd3 49. Rh6+ Kf7 50. Re7+ Kg8 51. Rh8# 1-0

[Event "Late-Titled-Tuesday-Blitz-April-16-2024"]
[Site "Chess.com"]
[Date "2024.04.16"]
[Round "1"]
[White "manitodeplomo"]
[Black "jinxy2009"]
[Result "1-0"]
[WhiteElo "2639"]
[BlackElo "2342"]
[TimeControl "180+1"]
[EndTime "14:07:31 PDT"]
[Termination "manitodeplomo won on time"]

1. d4 Nf6 2. c4 g6 3. Nc3 d5 4.
Bf4 Bg7 5. e3 O-O 6. Rc1 c5 7.
dxc5 Qa5 8. cxd5 Qxc5 9. Nf3 Bg4 10. Be2 Nbd7 11. O-O Nb6 12. e4 Nh5 13. Be3 Qb4 14.
Qc2 Rac8 15. a3 Qd6 16. Qb3 f5 17. e5 Bxe5 18. Nb5 Qf6 19. Nxa7 Rxc1 20. Rxc1 Nd7 21.
Qxb7 f4 22. Bd2 Bxb2 23. Rc6 e6 24. Qxd7 Bxa3 25. h3 Bf5 26. Bc3 Qe7 27. Qxe7 Bxe7 28. dxe6 Ra8 29. Rc7 Bd8 30. Rb7 Bxe6 31. Nd4 Bf7 32.
Nac6 Bf6 33. Ne7+ Bxe7 34. Rxe7 Ra3 35. Rc7 f3 36. Bxf3 Nf4 37. g3 Nd5 38. Bxd5 Bxd5 39.
Kf1 Rb3 40. Nxb3 Bxb3 41. Ke1 1-0

[Event "Late-Titled-Tuesday-Blitz-April-16-2024"]
[Site "Chess.com"]
[Date "2024.04.16"]
[Round "1"]
[White "ChEsper99"]
[Black "OriTaichman"]
[Result "0-1"]
[WhiteElo "2202"]
[BlackElo "2563"]
[TimeControl "180+1"]
[EndTime "14:07:31 PDT"]
[Termination "OriTaichman won by resignation"]

1. e4 c5 2. Nf3 Nc6 3. c3 d6 4.
d4 Nf6 5. Bd3 e5 6. dxc5 dxc5 7.
O-O Be7 8. Bg5 O-O 9. Na3 a6 10. Nc4 Nh5 11. Bxe7 Qxe7 12. a4 Nf4 13. Nb6 Rb8 14.
Nxc8 Rfxc8 15. Bc4 b5 16. axb5 axb5 17. Bd5 Rd8 18. Ra6 Rbc8 19. Qb3 Nb8 20. Ra8 Nxd5 21. exd5 Qb7 22. Rfa1 c4 23. Qa3 Qxd5 24. h3 Nc6 25. Rxc8 Rxc8 26. Qa6 Rd8 27. Qb7 h6 28. Ra6 e4 29.
Qxc6 Qd1+ 30. Kh2 exf3 31. gxf3 Qe2 32. Ra8 Qxf2+ 33. Kh1 Qf1+ 34. Kh2 Qe2+ 35. Kg3 Qe1+ 36. Kg2 Qd2+ 37. Kg3 Rxa8 38. Qxa8+ Kh7 39. Qe4+ g6 40. Qe7 Qg5+ 41. Qxg5 hxg5 42. Kg4 f6 43. Kg3 Kh6 44.
Kg2 Kh5 45. Kh2 Kh4 46. Kg2 f5 47. Kh2 g4 0-1

[Event "Late-Titled-Tuesday-Blitz-April-16-2024"]
[Site "Chess.com"]
[Date "2024.04.16"]
[Round "1"]
[White "Slovak_fighter2000"]
[Black "Polish_fighter3000"]
[Result "0-1"]
[WhiteElo "2533"]
[BlackElo "3133"]
[TimeControl "180+1"]
[EndTime "14:07:33 PDT"]
[Termination "Polish_fighter3000 won on time"]

1. d4 d5 2. Nf3 Nf6 3. c4 dxc4 4. e3 b5 5. a4 b4 6. Bxc4 e6 7. O-O Bb7 8. Be2 a5 9. Nbd2 Nbd7 10. Nc4 Be7 11. Nfe5 c5 12. Bf3 Qc8 13. b3 cxd4 14. Nxd7 Nxd7 15. Bxb7 Qxb7 16. Qxd4 f6 17. Nd6+ Bxd6 18.
Qxd6 Ra6 19. Qd4 Kf7 20. Rd1 Nb6 21. Bb2 e5 22. Qd3 h5 23. Qb5 Ra7 24. Rac1 Re8 25. Rd6 Nc8 26. Qc4+ Kf8 27. Rc6 Ne7 28. Rc5 Rd8 29. h3 Qa8 30. f4 Rd2 31. Qf1 Rxb2 32. fxe5 f5 33. e6 Kg8 34. R5c2 Rxc2 35. Rxc2 Qe4 36.
Rc4 Qxe3+ 37. Kh1 Qxe6 38. Qc1 Rd7 39. Rc5 Rd5 40. Rc7 Qd6 0-1

[Event "Late-Titled-Tuesday-Blitz-April-16-2024"]
[Site "Chess.com"]
[Date "2024.04.16"]
[Round "1"]
[White "kaanadayhamle"]
[Black "MikaelyanArman"]
[Result "0-1"]
[WhiteElo "2416"]
[BlackElo "2753"]
[TimeControl "180+1"]
[EndTime "14:07:34 PDT"]
[Termination "MikaelyanArman won by resignation"]

1. d4 Nf6 2. Nc3 c5 3. d5 d6 4. e4 g6 5. Be2 Bg7 6. Nf3 Bg4 7. O-O Bxf3 8. Bxf3 O-O 9. a4 Nbd7 10. Be2 Ne8 11.
Be3 Nc7 12. Qd2 b6 13. Bh6 a6 14. Bxg7 Kxg7 15. f4 Rb8 16. Rf3 b5 17. axb5 axb5 18. Rh3 Nf6 19. Qe3 b4 20. Nd1 Nb5 21. Bxb5 Rxb5 22.
Nf2 Ra5 23. Rb1 Qa8 24. Qc1 c4 25. g4 Qa7 26. Kg2 Qd4 27. Qe1 Rfa8 28. Rf3 Ra2 29.
g5 Nh5 30. Qxb4 Ra1 31. Rxa1 Rxa1 32. Qc3 Qxc3 33. bxc3 Rc1 34. h4 Rxc2 35. Kf1 Rc1+ 36. Ke2 Rg1 37. Ke3 Rg4 38. Nd1 Rxh4 39. Nb2 Rh2 40.
Nxc4 Rg2 41. Nd2 f5 42. exf5 gxf5 43. Kd3 Ng3 44. Nc4 Kg6 45. Re3 Ne4 46. Rf3 Ra2 47. Kd4 Ra4 48. Kd3 Rxc4 49. Kxc4 Nd2+ 50. Kd4 Nxf3+ 0-1

[Event "Late-Titled-Tuesday-Blitz-April-16-2024"]
[Site "Chess.com"]
[Date "2024.04.16"]
[Round "1"]
[White "MathiasWomacka"]
[Black "KaydenTroffChess"]
[Result "1-0"]
[WhiteElo "2492"]
[BlackElo "2862"]
[TimeControl "180+1"]
[EndTime "14:07:35 PDT"]
[Termination "MathiasWomacka won by resignation"]

1. e4 c5 2. Nf3 g6 3. d4 cxd4 4. Nxd4 Bg7 5. c4 Qb6 6. Nb3 a5 7. Nc3 a4 8. Nd5 Qd8 9. Nd4 Nf6 10. Nb5 Nxd5 11. cxd5 a3 12. Rb1 axb2 13. Bxb2 Qa5+ 14. Qd2 Qxd2+ 15. Kxd2 Rxa2 16. Kc1 O-O 17. Bc4 Ra4 18. Bd3 d6 19. Bxg7 Kxg7 20. Nc3 Ra5 21. Kd2 Nd7 22.
Ra1 Rxa1 23. Rxa1 Nc5 24. Ke3 f5 25. Ra7 f4+ 26. Kd4 f3 27. g3 h5 28. Na4 Nd7 29. Bb5 Ne5 30. Nb6 Ng4 31. Ra8 Nxf2 32. Rxc8 Ng4 33. Rxf8 Kxf8 34. h3 Ne5 35. Nd7+ Nxd7 36. Bxd7 f2 37. Bb5 Kf7 38. Ke3 Kf6 39. Kxf2 Ke5 40. Ke3 g5 41. h4 Kf6 42. Be8 gxh4 43. gxh4 e6 44. dxe6 Kxe6 45. Bxh5 d5 46. Bf7+ Kxf7 47.
exd5 b5 48. h5 Kf6 49. h6 Kg6 50. d6 b4 51. d7 b3 52. Kd3 1-0

[Event "Late-Titled-Tuesday-Blitz-April-16-2024"]
[Site "Chess.com"]
[Date "2024.04.16"]
[Round "1"]
[White "Manukyan_Artak"]
[Black "Anton_Demchenko"]
[Result "0-1"]
[WhiteElo "2506"]
[BlackElo "2979"]
[TimeControl "180+1"]
[EndTime "14:07:36 PDT"]
[Termination "Anton_Demchenko won by resignation"]

1. e4 e5 2. Nf3 Nc6 3. d4 exd4 4. Nxd4 Bc5 5. Nxc6 bxc6 6. Bc4 d6 7. O-O Qh4 8.
Nc3 Nf6 9. Qf3 Bg4 10. Qg3 Qxg3 11. hxg3 a5 12. Re1 Nd7 13. Be3 Bxe3 14. Rxe3 a4 15.
f3 Be6 16. Bxe6 fxe6 17. f4 e5 18. f5 Nf6 19. Nd1 O-O 20. Nf2 Rfb8 21. b3 axb3 22. Rxb3 Kf7 23. g4 h6 24. a4 Rb6 25. a5 Rba6 26.
Rba3 Ke7 27. c4 Rb8 28. Kf1 Kd7 29. Ke2 Rb2+ 30. Ke3 Kc8 31. R1a2 Rb4 32. Ra4 Rb3+ 33. Ke2 Rg3 34. R4a3 Rxg2 35. Kf3 Rg1 36. Ra1 Rxa1 37.
Rxa1 Kd7 38. Nd3 c5 39. Nc1 Ke7 40. Nb3 Nd7 41. Ke3 Nb8 42. Rg1 Nc6 43. g5 hxg5 44. Rxg5 Kf7 45. Rg1 Nxa5 46. Ra1 Nxc4+ 47. Kd3 Rxa1 48.
Nxa1 Nb6 49. Nc2 c6 50. Ne3 Ke7 51. Ng4 Nd7 52. Ke3 Nf6 53. Nf2 d5 0-1

[Event "Late-Titled-Tuesday-Blitz-April-16-2024"]
[Site "Chess.com"]
[Date "2024.04.16"]
[Round "1"]
[White "dretch"]
[Black "Slovineanu"]
[Result "1-0"]
[WhiteElo "2910"]
[BlackElo "2491"]
[TimeControl "180+1"]
[EndTime "14:07:36 PDT"]
[Termination "dretch won by resignation"]

1. d4 Nf6 2. c4 e6 3. Nc3 d5 4.
cxd5 Nxd5 5. e4 Nxc3 6. bxc3 c5 7. a3 cxd4 8. cxd4 e5 9. Be3 exd4 10. Qxd4 Qxd4 11.
Bxd4 Nc6 12. Bc3 f6 13. Bc4 Bd6 14. Nf3 Ke7 15. O-O Be6 16. Bb5 Rac8 17. Rfc1 a6 18. Bxc6 Rxc6 19. Bb4 Rhc8 20. Bxd6+ Kxd6 21. Rd1+ Ke7 22.
Nd4 Rd6 23. Rd2 Rcd8 24. Rad1 Kf7 25. Kf1 b5 26. Ke2 Bc4+ 27. Ke3 a5 28. Nc6 Rxc6 29. Rxd8 b4 30. R1d7+ Ke6 31. f4 g6 32. g4 f5 33.
axb4 axb4 34. gxf5+ gxf5 35. Rxh7 Bb5 36. e5 b3 37.
Rh6+ Ke7 38. Rxc6 Bxc6 39. Rb8 Bd5 40. Kd4 Be6 41. Rb7+ Kf8 42. Kc5 Kg8 43. Kd6 Bc4 44.
e6 Kf8 45. Rb8+ Kg7 46. e7 1-0

[Event "Late-Titled-Tuesday-Blitz-April-16-2024"]
[Site "Chess.com"]
[Date "2024.04.16"]
[Round "1"]
[White "tgpgoat"]
[Black "Karacsonyi_Gellert"]
[Result "1-0"]
[WhiteElo "2426"]
[BlackElo "2725"]
[TimeControl "180+1"]
[EndTime "14:07:36 PDT"]
[Termination "tgpgoat won by resignation"]

1. Nf3 f5 2. Rg1 Nf6 3. d4 g6 4. Bg5 Bg7 5. Nbd2 O-O 6. c3 d6 7.
Qc2 Nc6 8. O-O-O Qe8 9. Bxf6 Bxf6 10. e4 e5 11. dxe5 dxe5 12. Bc4+ Be6 13. g4 f4 14.
h4 Bxc4 15. Nxc4 Qe6 16. Qb3 Rfd8 17. g5 Bg7 18. h5 gxh5 19. Nh4 a6 20. g6 h6 21. Nf5 b5 22. Nd2 Qxb3 23. Nxb3 Rxd1+ 24. Kxd1 Rd8+ 25. Ke2 a5 26. Nc5 a4 27. Ne6 Rd7 28.
Nexg7 Rxg7 29. Nxg7 Kxg7 30. Rd1 Kxg6 31. Rd7 Na5 32.
Rxc7 Nc4 33. b3 axb3 34. axb3 Na5 35. b4 Nc4 36. Rc5 h4 37. Rxb5 h3 38. Kf1 Nd2+ 39. Kg1 Nxe4 40. Rxe5 Nd2 41. Re8 Kf7 42. Rd8 Nf3+ 43.
Kh1 Ke7 44. Rd3 Ng5 45. b5 Ne4 46. Rf3 Kd6 47. Rxf4 Nxc3 48. b6 Nd5 49. Rh4 Nxb6 50. Rxh6+ Kc5 51. Rxb6 Kxb6 52. Kh2 Kc5 53. Kxh3 Kd5 54.
Kg4 Ke6 55. Kg5 Kf7 56. Kf5 Kg7 57. Ke6 Kf8 58. f4 Ke8 59. Kf6 Kf8 60. f5 Ke8 61. Kg7 Ke7 62. f6+ Kd6 63. f7 1-0

[Event "Late-Titled-Tuesday-Blitz-April-16-2024"]
[Site "Chess.com"]
[Date "2024.04.16"]
[Round "1"]
[White "dennisodessa"]
[Black "DanielNaroditsky"]
[Result "0-1"]
[WhiteElo "2532"]
[BlackElo "3121"]
[TimeControl "180+1"]
[EndTime "14:07:37 PDT"]
[Termination "DanielNaroditsky won by resignation"]

1. d4 Nf6 2. c4 g6 3. Nc3 Bg7 4. e4 d6 5. f3 O-O 6. Be3 c5 7.
dxc5 dxc5 8. Qxd8 Rxd8 9. Bxc5 Nc6 10. Nge2 Nd7 11. Be3 Nde5 12. Nf4 Nb4 13. Rc1 g5 14. Nfd5 Nbd3+ 15. Bxd3 Nxd3+ 16. Ke2 Nxc1+ 17. Rxc1 Rd7 18. Bxg5 Kf8 19. b3 b6 20. Rd1 e6 21. Nf6 Rxd1 22. Kxd1 h6 23. Bh4 Bb7 24. Nd7+ Ke8 25. Nf6+ Kf8 26.
Nd7+ Kg8 27. Kc2 Bc6 28. Nf6+ Kh8 29. Nh5 Be5 30. Bf6+ Bxf6 31. Nxf6 Rd8 32. Ng4 Kg7 33. Ne3 h5 34. Ne2 Kh6 35. Nf4 a6 36. Nd3 f6 37.
Nf4 Re8 38. Kc3 Bd7 39. Nc2 h4 40. Ne3 f5 41. exf5 exf5 42. Kd4 Bc6 43. Nxf5+ Kg5 44. Nd6 Re1 45. Nd3 Re2 46. g3 h3 47. Ne5 Rxh2 48.
Nxc6 Rd2+ 49. Ke3 Rxd6 0-1

[Event "Late-Titled-Tuesday-Blitz-April-16-2024"]
[Site "Chess.com"]
[Date "2024.04.16"]
[Round "1"]
[White "aa175"]
[Black "ploxoi"]
[Result "1-0"]
[WhiteElo "2745"]
[BlackElo "2412"]
[TimeControl "180+1"]
[EndTime "14:07:38 PDT"]
[Termination "aa175 won by checkmate"]

1. d4 d5 2. Bf4 e6 3. e3 Nf6 4. Nd2 c5 5. c3 Nc6 6. Ngf3 Bd6 7. Bg3 Bxg3 8. hxg3 Qd6 9. Bb5 Bd7 10. Bxc6 bxc6 11. Ne5 cxd4 12. exd4 c5 13. Ndf3 cxd4 14. Qxd4 Bb5 15.
c4 Qb4+ 16. Nd2 dxc4 17. Ng4 Rd8 18. Nxf6+ gxf6 19. Qf4 e5 20. Qh6 Ke7 21. a3 Qxb2 22. Rb1 Qxa3 23. Rxb5 Qc1+ 24. Ke2 Rxd2+ 25. Qxd2 Qxh1 26.
Qb4+ Ke6 27. Qxc4+ Kf5 28. g4+ Kg6 29. Qe4+ Kg7 30.
g5 Qh5+ 31. Qf3 Qxg5 32. Rb4 h5 33. Ra4 Rd8 34. g3 Qc1 35. Qb3 Rd2+ 36. Kf3 Qc6+ 37.
Ke3 Rd7 38. Rb4 Qc1+ 39. Kf3 f5 40. Rb7 e4+ 41. Kg2 Rd1 42. Rxf7+ Kh6 43. Qe6+ Kg5 44. Rg7# 1-0